 Seeded DCSS version 0.32-a0-913-g739538a (webtiles) character file.

Game seed: 3741840556892626594 (custom seed)

235 brinewave the Vexing (level 5, 0/45 HPs)
             Began as a Mountain Dwarf Hexslinger on Apr 8, 2024.
             Killed by divine providence
             ... invoked by an orc priest
              (10 damage)
             ... on level 4 of the Dungeon.
             The game lasted 00:16:51 (4131 turns).

brinewave the Vexing (Mountain Dwarf Hexslinger)    Turns: 4131, Time: 00:16:51

Health: 0/45       AC:  5    Str: 10    XL:     5   Next: 76%
Magic:  8/8        EV: 11    Int: 16    God:
Gold:   180        SH:  0    Dex: 12    Spells: 8/8 levels left

rFire   . . .        a - +2 dagger (vamp)
rCold   . . .        (no shield)
rNeg    . . .        c - +0 robe
rPois   +            (no helmet)
rElec   .            (no cloak)
rCorr   .            (no gloves)
SInv    .            w - +2 pair of boots
Will    .....        (no amulet)
Stlth   +            t - ring of poison resistance
HPRegen 0.27/turn    (no ring)
MPRegen 0.11/turn

%: no passive effects
@: no status effects
A: runic magic, artefact enchanting
a: Convert to Beogh


You were on level 4 of the Dungeon.
You visited 1 branch of the dungeon, and saw 4 of its levels.

You collected 180 gold pieces.

Inventory:

Hand Weapons
 a - a +2 vampiric dagger (weapon)
 b - a +1 sling
 q - a +0 rapier
 r - a +1 dagger of venom
Missiles
 g - 32 stones
 k - 5 boomerangs
Armour
 c - a +0 robe (worn)
 w - a +2 pair of boots (worn)
Magical Staves
 s - a staff of alchemy
Jewellery
 t - a ring of poison resistance (left hand)
Scrolls
 d - a scroll of poison
 h - a scroll of teleportation
 i - a scroll of vulnerability {unknown}
 j - a scroll of identify {unknown}
 u - a scroll of enchant weapon {unknown}
 x - a scroll of revelation {unknown}
Potions
 e - a potion of enlightenment {unknown}
 f - a potion of magic {unknown}
 l - 3 potions of brilliance {unknown}
 m - 2 potions of ambrosia {unknown}
 n - a potion of degeneration {unknown}
 o - 3 potions of curing {unknown}
 p - a potion of cancellation {unknown}
 v - a potion of haste {unknown}


   Skills:
 + Level 3.2 Fighting
 - Level 1.5 Ranged Weapons
 - Level 1.3 Dodging
 + Level 2.4 Spellcasting
 + Level 4.1 Hexes
 + Level 3.6 Fire Magic


You had 8 spell levels left.
You didn't know any spells.
Your spell library contained the following spells:

 Spells                   Type           Power      Damage    Failure   Level
 Jinxbite                 Hex            30%        N/A       5%          2
 Scorch                   Fire           26%        2d6       7%          2
 Sigil of Binding         Hex            15%        N/A       11%         3
 Inner Flame              Hex/Fire       14%        N/A       12%         3
 Cause Fear               Hex            7%         N/A       34%         4
 Hailstorm                Conj/Ice       1%         3d5       52%         3
 Summon Ice Beast         Ice/Summ       1%         N/A       52%         3
 Dimensional Bullseye     Hex/Tloc       4%         N/A       63%         4
 Flame Wave               Conj/Fire      7%         2d5       67%         4
 Summon Mana Viper        Hex/Summ       8%         N/A       93%         5
 Permafrost Eruption      Ice/Erth       0%         2x4d1     100%        6
 Sculpt Simulacrum        Ice/Alch       0%         N/A       100%        6
 Summon Cactus Giant      Summ           0%         N/A       100%        6
 Monstrous Menagerie      Summ           0%         N/A       100%        7


Dungeon Overview and Level Annotations

Branches:
Dungeon (4/15)
 Temple: D:4-7

Altars:

Annotations:
D:3 Grinder


Innate Abilities, Weirdness & Mutations

Your spellcasting is much less encumbered by armour.
You can use scrolls of enchantment on lesser artefacts.


Message History

The orc wizard hits you with a +0 dagger.
You hit the orc wizard but do no damage.
The orc wizard is moderately wounded.
You barely miss the orc wizard.
The orc wizard is moderately wounded.
The orc wizard hits you with a +0 dagger.
You barely miss the orc wizard.
The orc wizard is moderately wounded.
You hit the orc wizard but do no damage.
The orc wizard is moderately wounded.
The orc wizard closely misses you.
You hit the orc wizard but do no damage.
The orc wizard is moderately wounded.
The orc priest looks satisfied for a moment.
You hit the orc wizard.
The orc wizard is moderately wounded.
The orc wizard closely misses you.
You barely miss the orc wizard.
The orc wizard is moderately wounded.
You hit the orc wizard.
The orc wizard is heavily wounded.
The orc wizard hits you with a +0 dagger.
The orc priest calls upon Beogh to heal the orc wizard.
The orc wizard is healed somewhat.
You hit the orc wizard.
You feel better.
The orc wizard is moderately wounded.
You hit the orc wizard.
You feel better.
The orc wizard is moderately wounded.
The orc wizard hits you but does no damage.
You miss the orc wizard.
The orc wizard is moderately wounded.
The orc priest invokes the aid of Beogh against you.
Beogh smites you!
* * * LOW HITPOINT WARNING * * *
You barely miss the orc wizard.
The orc wizard is moderately wounded.
The orc wizard closely misses you.
The orc priest calls down the wrath of Beogh upon you.
Beogh smites you!
You die...

#.#######
#.............# #.#
#.###.######.## #.#
#.# #.# ####.# #.#
#.###.###..รท)# #.#
###
#......##.##.#####
#.# #..
.##.###..##.#.......
#.###.#
.........##.#..#####
#.....#
###.####.##.#..#
#.###.#####.#
#@####.##.#..#
#...........#
#...oo.......#
#####B######
#..######...## #.#
#..# ##..# #.#
####..# #..# #.#
#.....# ..#
#.#######.##..# ..#
#####........#....#
..#
......#######.###.#


You could see an orc priest and an orc wizard (hexed).

Vanquished Creatures
  A howler monkey (D:4)
  A bombardier beetle (D:4)
  10 adders
  A ribbon worm (D:2)
  3 orcs
  3 endoplasms
  3 giant cockroaches
  9 goblins
  4 hobgoblins
  7 kobolds
  2 quokkas
  6 ball pythons
  8 bats
  2 frilled lizards (D:1)
  9 rats
69 creatures vanquished.

Notes
Turn   | Place    | Note
-------+----------+-------------------------------------------
     0 | D:1      | brinewave the Mountain Dwarf Hexslinger began the quest for
                  | the Orb.
     0 | D:1      | Reached XP level 1. HP: 16/16 MP: 2/2
   277 | D:1      | Reached XP level 2. HP: 21/23 MP: 3/3
   680 | D:1      | Reached XP level 3. HP: 24/29 MP: 5/5
  1919 | D:2      | Reached XP level 4. HP: 5/36 MP: 6/6
  2166 | D:2      | You fall into a shaft and drop 1 floor!
  2937 | D:3      | Found a faded altar of an unknown god.
  3288 | D:3      | Noticed Grinder
  3410 | D:4      | Reached XP level 5. HP: 44/44 MP: 8/8
  3533 | D:4      | Reached skill level 4 in Hexes
  4002 | D:4      | Noticed an ogre
  4131 | D:4      | Killed from afar by an orc priest

Illustrated notes

Levels and vault maps discovered:
D:1:      ncdulo_halloftheorcs, layout_loops_ring
D:2:      layout_loops_ring, grunt_ministairs_1, chequers_serial_rivers_room_a
D:3:      layout_loops_ring, hellmonk_ecumenical_altar_leap_of_faith,
          grunt_ministairs_3, lemuel_flame_loot_1, uniq_grinder, uniq_robin
D:4:      layout_loops_ring, lemuel_doored_altar,
          minmay_temple_entry_statues_fountains, grunt_decor_junction

Skill      XL: |  1  2  3  4  5 |
---------------+----------------+-----
Fire Magic     | 2 3 |  3.6
Fighting       | 2 3 |  3.2
Spellcasting   | 2 |  2.4
Hexes          | 4 |  4.1
Ranged Weapons | |  1.5
Dodging        | |  1.3

Action                     |  1- 3 |  4- 6 || total
---------------------------+-------+-------++-------
  Melee: Dagger            |    54 |   166 ||   220
         Rapier            |    45 |    12 ||    57
   Fire: Sling             |    95 |    58 ||   153
    Use: Scroll            |       |     1 ||     1
   Stab: Sleeping          |       |     1 ||     1
 Armour: Robe              |   108 |   117 ||   225
  Dodge: Dodged            |   105 |    92 ||   197

Table legend: (Time is in decaauts)
 A = Elapsed time spent in this place.
 B = Non-inter-level travel time spent in this place.
 C = Inter-level travel time spent in this place.
 D = Time resting spent in this place.
 E = Time spent auto-exploring this place.
 F = Levels seen in this place.
 G = Mean time per level.
                   A        B        C        D        E       F      G
               +--------+--------+--------+--------+--------+-----+--------+
         Total |   4154 |   4088 |     66 |   1026 |   1779 |   4 | 1038.5 |
       Dungeon |   4154 |   4088 |     66 |   1026 |   1779 |   4 | 1038.5 |
               +--------+--------+--------+--------+--------+-----+--------+

Top non-repeatable levels by time:
     D:2: 1378 daAuts
     D:1: 1215 daAuts
     D:4: 792 daAuts
     D:3: 768 daAuts
